 Dungeon Sprint DCSS version 0.21-a0-243-g597973d (webtiles) character file.

2127 terra52 the Cleaver (level 9, -7/85 HPs)
             Began as a Hill Orc Fighter on Sept 4, 2017.
             Was the Champion of Zin.
             Splashed by an oklob plant's acid (9 damage)
             ... in the Dungeon (Sprint I: "Red Sonja").
             The game lasted 00:02:13 (1071 turns).

terra52 the Cleaver (Hill Orc Fighter)              Turns: 1071, Time: 00:02:15

Health: -7/85      AC:  1    Str: 22    XL:     9   Next: 29%
Magic:  15/15      EV: 12    Int: 11    God:    Zin [******]
Gold:   322        SH: 13    Dex: 16    Spells: 8/8 levels left

rFire    . . .     SeeInvis .   a - +0 war axe
rCold    . . .     Gourm    .   c - +0 shield
rNeg     . . .     Faith    .   b - +0 scale mail
rPois    ∞         Spirit   .   (no helmet)
rElec    .         Reflect  .   (no cloak)
rCorr    .         Harm     .   (no gloves)
MR       .....     NoTele   +   (no boots)
Stlth    ..........             (no amulet)
HPRegen  0.24/turn              (no ring)
MPRegen  0.14/turn              (no ring)

@: vitalised, corroded
A: no striking features
a: Recite, Vitalisation, Imprison, Sanctuary, Donate Gold, Cure All Mutations,
Renounce Religion


You were in the Dungeon.
You worshipped Zin.
Zin was exalted by your worship.
You were hungry.

You visited 1 branch You collected 334 gold pieces.
You donated 12 gold pieces to Zin.

Inventory:

Hand Weapons
 a - a +0 war axe (weapon)
Armour
 b - a +0 scale mail (worn)
 c - a +0 shield (worn)
Scrolls
 d - a scroll of enchant armour {unknown}
 j - a scroll of identify {unknown}
 k - a scroll of blinking
Potions
 e - a potion of curing
 g - a potion of heal wounds
 h - a potion of haste
 i - 2 potions of magic
Comestibles
 f - a bread ration


   Skills:
 + Level 9.9 Fighting
 + Level 13.2 Axes
 + Level 11.0 Armour
 + Level 4.8 Dodging
 + Level 10.9 Shields
 * Level 8.4 Invocations


You had 8 spell levels left.
You didn't know any spells.

Dungeon Overview and Level Annotations

Branches:
Dungeon (1/1)

Altars:
Cheibriados
Dithmenos
Elyvilon
Fedhas
Gozag
Hepliaklqana
Kikubaaqudgha
Makhleb
Nemelex Xobeh
Okawaru
Qazlal
Ru
Sif Muna
Trog
Uskayaw
Vehumet
Wu Jian
Xom
Yredelemnul
Zin
The Shining One
Jiyva
Lugonu

Shops:
D }

Annotations:
D exclusion: oklob plant


Message History

The splash of acid hits you! The acid corrodes you!
You are splashed with acid!
The acid burns!
You slash the oklob plant!
The oklob plant is almost destroyed.
The oklob plant spits acid at you. The splash of acid hits you!
* * * LOW HITPOINT WARNING * * *
You are splashed with acid!
The acid burns!
* * * LOW HITPOINT WARNING * * *
You hit the oklob plant but do no damage.
The oklob plant is almost destroyed.
The oklob plant spits acid at you. You block the splash of acid.
You hit the oklob plant.
The oklob plant is almost destroyed.
The oklob plant spits acid at you. The splash of acid hits you!
* * * LOW HITPOINT WARNING * * *
The acid corrodes you!
You are splashed with acid!
The acid burns!
You die...

############
).#.)'..#__#
..'..#..'..+
#'#####'#__####
..#...#.####§.####
###..##)#≈≈≈.§#$$#
__##'#_.'≈≈§)§§..#
...'..._#§§≈§.#$.#
__##_.#'##+#####@#
__###+#)# #P+ ###
### ###


You could see an oklob plant.

Vanquished Creatures
  2 centaur warriors (D)
  A hornet (D)
  A slime creature (D)
  Sigmund (D)
  A yak (D)
  An ogre (D)
  A jelly (D)
  Ijyb (D)
9 creatures vanquished.

Vanquished Creatures (others)
  A gargoyle (D)
1 creature vanquished.

Grand Total: 10 creatures vanquished

Notes
Turn   | Place    | Note
-------+----------+-------------------------------------------
     0 | D        | terra52 the Hill Orc Fighter began the quest for the Orb.
     0 | D        | Reached XP level 1. HP: 19/19 MP: 1/1
     2 | D        | Noticed Ijyb
    40 | D        | Killed Ijyb
    40 | D        | Reached skill level 4 in Axes
    40 | D        | Reached skill level 1 in Dodging
    40 | D        | Reached XP level 2. HP: 10/28 MP: 2/2
    40 | D        | Reached XP level 3. HP: 13/34 MP: 3/3
   179 | D        | Killed a gargoyle
   231 | D        | Noticed an ogre
   238 | D        | Killed an ogre
   238 | D        | Reached skill level 5 in Axes
   238 | D        | Reached skill level 5 in Armour
   238 | D        | Reached XP level 4. HP: 32/44 MP: 4/4
   238 | D        | Reached XP level 5. HP: 37/50 MP: 5/5
   242 | D        | Noticed Sigmund
   247 | D        | Killed Sigmund
   247 | D        | Reached skill level 7 in Axes
   247 | D        | Reached XP level 6. HP: 37/60 MP: 6/6
   253 | D        | Found a deep blue altar of Sif Muna.
   254 | D        | Found an ornate altar of the Wu Jian Council.
   255 | D        | Found a radiant altar of Vehumet.
   258 | D        | Reached skill level 8 in Axes
   262 | D        | Found Wimoih's Gadget Emporium.
   262 | D        | Found an ancient bone altar of Kikubaaqudgha.
   262 | D        | Found a hazy altar of Hepliaklqana.
   262 | D        | Found a stormy altar of Qazlal.
   262 | D        | Found a hide-covered altar of Uskayaw.
   262 | D        | Found a blossoming altar of Fedhas.
   262 | D        | Found a bloodstained altar of Trog.
   262 | D        | Found an iron altar of Okawaru.
   262 | D        | Found a basalt altar of Yredelemnul.
   262 | D        | Found a glowing golden altar of the Shining One.
   262 | D        | Found a snail-covered altar of Cheibriados.
   262 | D        | Found a sacrificial altar of Ru.
   262 | D        | Found a glowing silver altar of Zin.
   262 | D        | Found a shadowy altar of Dithmenos.
   262 | D        | Found a white marble altar of Elyvilon.
   262 | D        | Noticed a yak
   269 | D        | Killed a yak
   269 | D        | Reached skill level 9 in Axes
   269 | D        | Reached XP level 7. HP: 14/69 MP: 7/7
   270 | D        | Found an opulent altar of Gozag.
   271 | D        | Found a sparkling altar of Nemelex Xobeh.
   278 | D        | Became a worshipper of Zin the Law-Giver
   278 | D        | Reached * piety under Zin
   289 | D        | Reached ** piety under Zin
   289 | D        | Reached *** piety under Zin
   289 | D        | Reached **** piety under Zin
   289 | D        | Reached ***** piety under Zin
   291 | D        | Reached ****** piety under Zin
   527 | D        | Found a burning altar of Makhleb.
   527 | D        | Found a viscous altar of Jiyva.
   527 | D        | Found a shimmering altar of Xom.
   527 | D        | Found a corrupted altar of Lugonu.
   527 | D        | Noticed a slime creature
   537 | D        | Killed a slime creature
   537 | D        | Reached skill level 10 in Axes
   660 | D        | Noticed a centaur warrior
   662 | D        | Noticed a centaur warrior
   669 | D        | Killed a centaur warrior
   669 | D        | Reached skill level 11 in Axes
   669 | D        | Reached skill level 10 in Armour
   669 | D        | Reached skill level 10 in Shields
   669 | D        | Reached XP level 8. HP: 13/78 MP: 9/12
   670 | D        | Killed a centaur warrior
   670 | D        | Reached skill level 12 in Axes
   670 | D        | Reached XP level 9. HP: 14/85 MP: 9/15
   973 | D        | Noticed a hornet
   985 | D        | Killed a hornet
   985 | D        | Reached skill level 13 in Axes
  1054 | D        | Noticed an oklob plant
  1071 | D        | HP: 2/85 [oklob plant/splash of acid (4)]
  1071 | D        | Splashed by an oklob plant's acid

Vault maps used:
D:        dungeon_sprint_1

Skill      XL: |  1  2  3  4  5  6  7  8  9 |
---------------+----------------------------+-----
Fighting       | 4 6 7 8 9 |  9.9
Axes           | 4 5 7 9 11 12 13 | 13.2
Armour         | 4 5 7 8 10 11 | 11.0
Dodging        | 1 2 3 4 |  4.8
Shields        | 4 6 8 9 10 | 10.9
Invocations    | 6 8 |  8.4

Action                   |  1- 3 |  4- 6 |  7- 9 || total
-------------------------+-------+-------+-------++-------
Melee: War axe           |    45 |    13 |    40 ||    98
Invok: Vitalisation      |       |       |     3 ||     3
  Use: Potion            |     1 |       |     1 ||     2
Armor: Scale mail        |    18 |       |     4 ||    22
Dodge: Dodged            |    12 |     3 |     5 ||    20
Block: Shield            |    18 |     5 |    17 ||    40

Table legend:
 A = Spawn XP
 B = Non-spawn XP
 C = Spawn XP percentage of total XP
 D = Spawn monster count
 E = Non-spawn monster count
 F = Spawn count percentage of total count
 G = Total turns spent on level
                    A         B        C        D         E        F      G
               +---------+---------+-------+---------+---------+-------+---------
         Total |       0 |    3039 |   0.0 |       0 |       9 |   0.0 |  1071
               +---------+---------+-------+---------+---------+-------+---------
             D |       0 |    3039 |   0.0 |       0 |       9 |   0.0 |  1071
               +---------+---------+-------+---------+---------+-------+---------
